 Dungeon Crawl Stone Soup version 0.28-a0-595-g9f6c0e134a (webtiles) character file.

Game seed: 11606267338877831764

18 Deadpool446625 the Grave Robber (level 2, 0/19 HPs)
             Began as a Vampire Necromancer on Oct 4, 2021.
             Frozen to death by an endoplasm (2 damage)
             ... on level 1 of the Dungeon.
             The game lasted 00:04:20 (1002 turns).

Deadpool446625 the Grave Robber (VpNe)              Turns: 1002, Time: 00:04:21

Health: 0/19       AC:  8    Str:  7    XL:     2   Next: 48%
Magic:  3/5        EV:  2    Int: 17    God:
Gold:   0          SH:  0    Dex: 14    Spells: 3/5 levels left

rFire   . . .      SeeInvis +   f - +3 hand axe
rCold   . . .      Faith    .   (no shield)
rNeg    . . .      Spirit   .   c - +0 chain mail
rPois   .          Reflect  .   (no helmet)
rElec   .          Harm     .   (no cloak)
rCorr   .          Rampage  .   (no gloves)
Will    .....                   (no boots)
Stlth   ..........              (no amulet)
HPRegen 0.26/turn               (no ring)
MPRegen 0.09/turn               (no ring)

@: very slightly contaminated, healing quickly
A: alive, fangs 3, see invisible, vampiric 1
a: Exsanguinate


You were on level 1 of the Dungeon.
You visited 1 branch of the dungeon, and saw 1 of its levels.

Inventory:

Hand Weapons
 b - a +0 dagger
 d - a +0 short sword
 f - a +3 hand axe (weapon)
 g - a +0 club
 h - a +0 dagger
Armour
 a - a +0 robe
 c - a +0 chain mail (worn)
Scrolls
 e - a scroll of fear {unknown}
 i - a scroll of enchant armour {unknown}


   Skills:
 + Level 0.1 Armour
 + Level 2.4 Dodging
 + Level 3.0 Stealth
 + Level 2.0 Spellcasting
 + Level 5.0 Necromancy


You had 3 spell levels left.
You knew the following spells:

 Your Spells              Type           Power      Damage    Failure   Level
a - Pain                  Necr           72%        1d7       100%        1
b - Animate Skeleton      Necr           36%        N/A       100%        1

Your spell library contained the following spells:

 Spells                   Type           Power      Damage    Failure   Level
 Vampiric Draining        Necr           9%         2d7       100%        3
 Animate Dead             Necr           9%         N/A       100%        4
 Agony                    Necr           18%        N/A       100%        5


Dungeon Overview and Level Annotations

Branches:
Dungeon (1/15)

Altars:


Innate Abilities, Weirdness & Mutations

Your natural rate of healing is accelerated.
You have razor-sharp teeth.
You have supernaturally acute eyesight. (SInv)
You are afflicted with vampirism.


Message History

The endoplasm is almost dead.
The endoplasm freezes you.
You are frozen.
The endoplasm freezes you.
You are frozen.
You slash the endoplasm!
You kill the endoplasm!
The endoplasm freezes you.
You are frozen.
* * * LOW HITPOINT WARNING * * *
The dart slug launches a dart at you. The slug dart hits you.
* * * LOW HITPOINT WARNING * * *
Casting: Animate Skeleton (safe; 100% risk of failure)
Confirm with . or Enter, or press ? or * to list all spells.
Aiming: Pain (safe; 100% risk of failure)
Press: ? - help, Shift-Dir - straight line, f - dart slug
Aim: a dart slug (chance to affect: 89%)
You miscast Pain.
You are very lightly contaminated with residual magic.
Nothing appears to happen.
The endoplasm freezes you.
You are frozen.
* * * LOW HITPOINT WARNING * * *
Casting: Pain (safe; 100% risk of failure)
Confirm with . or Enter, or press ? or * to list all spells.
Aiming: Pain (safe; 100% risk of failure)
Press: ? - help, Shift-Dir - straight line, f/p - dart slug
Aim: a dart slug (chance to affect: 89%)
You miscast Pain.
Nothing appears to happen.
The dart slug launches a dart at you.
The slug dart hits you but does no damage.
The endoplasm freezes you.
You are frozen.
* * * LOW HITPOINT WARNING * * *
You hit the endoplasm.
The endoplasm is moderately wounded.
The endoplasm freezes you.
You are frozen.
You die...

#. ####. ####....
####....##. #####
####....#####.
#...#####....#####
#.
#................#
##
#...############....
###.J@..# #.
#...........
#............
#.$...w......
#............
#............
#............
##...........


You could see a dart slug and an endoplasm.

Vanquished Creatures
  A dart slug (D:1)
  3 endoplasms (D:1)
  A giant cockroach (D:1)
  2 goblins (D:1)
  2 quokkas (D:1)
  A ball python (D:1)
  A bat (D:1)
  2 kobolds (D:1)
  A rat (D:1)
14 creatures vanquished.

Notes
Turn   | Place    | Note
-------+----------+-------------------------------------------
     0 | D:1      | Deadpool446625 the Vampire Necromancer began the quest for
                  | the Orb.
     0 | D:1      | Reached XP level 1. HP: 13/13 MP: 3/3
   154 | D:1      | Reached XP level 2. HP: 19/19 MP: 5/5
   165 | D:1      | Learned a level 1 spell: Animate Skeleton
   940 | D:1      | Reached skill level 5 in Necromancy
  1002 | D:1      | Frozen to death by an endoplasm

Illustrated notes

Levels and vault maps discovered:
D:1:      minmay_arrival_radiant_lines, layout_rooms

Skill      XL: |  1  2 |
---------------+-------+-----
Necromancy     | 5 |  5.0
Armour         | |  0.1
Dodging        | |  2.4
Stealth        | |  3.0
Spellcasting   | |  2.0

Action                   || total
-------------------------++-------
Melee: Dagger            ||    33
       Hand axe          ||    24
       Bite              ||     1
 Cast: Pain              ||     3
Armor: Chain mail        ||    41
       Robe              ||    14
Dodge: Dodged            ||    35

Table legend: (Time is in decaauts)
 A = Elapsed time spent in this place.
 B = Non-inter-level travel time spent in this place.
 C = Inter-level travel time spent in this place.
 D = Time resting spent in this place.
 E = Time spent auto-exploring this place.
 F = Levels seen in this place.
 G = Mean time per level.
                   A        B        C        D        E       F      G
               +--------+--------+--------+--------+--------+-----+--------+
         Total |   1007 |   1007 |      0 |    549 |      0 |   1 | 1007.0 |
       Dungeon |   1007 |   1007 |      0 |    549 |      0 |   1 | 1007.0 |
               +--------+--------+--------+--------+--------+-----+--------+

Top non-repeatable levels by time:
     D:1: 1007 daAuts
